 Dungeon Crawl Stone Soup version 0.23.2 (webtiles) character file.

Game seed: 11496061287580431212

323 Borgoz the Cutter (level 6, 0/51 HPs)
             Began as a Ghoul Gladiator on Apr 3, 2019.
             Slain by a sky beast (5 damage)
             ... on level 3 of the Dungeon.
             The game lasted 00:05:21 (2765 turns).

Borgoz the Cutter (Ghoul Gladiator)                 Turns: 2765, Time: 00:05:21

Health: 0/51       AC:  7    Str: 22 (23) XL:     6   Next: 47%
Magic:  0/5        EV: 12    Int:  8 (9)  God:
Gold:   177        SH:  0    Dex:  9 (11) Spells: 5/5 levels left

rFire    . . .     SeeInvis .   a - +0 rapier
rCold    + . .     Gourm    .   (no shield)
rNeg     + + +     Faith    .   e - +0 ring mail
rPois    ∞         Spirit   +   c - +0 helmet
rElec    .         Reflect  .   i - scarf {Spirit}
rCorr    .         Harm     .   (no gloves)
MR       .....                  p - +0 pair of boots
Stlth    ..........             (no amulet)
HPRegen  0.00/turn              (no ring)
MPRegen  0.09/turn              (no ring)

@: mighty, brilliant, rotting
A: rotting body, claws 1, carnivore, cold resistance 1, negative energy
resistance 3, inhibited regeneration, torment resistance, unbreathing
a: no special abilities


You were on level 3 of the Dungeon.
You were not hungry.

You visited 1 branch of the dungeon, and saw 3 of its levels.

You collected 177 gold pieces.

Inventory:

Hand Weapons
 a - a +0 rapier (weapon)
Missiles
 d - a throwing net (quivered)
Armour
 c - a +0 helmet (worn)
 e - a +0 ring mail (worn)
 i - a scarf of spirit shield (worn)
 p - a +0 pair of boots (worn)
Scrolls
 g - a scroll of fog {unknown}
 h - a scroll of enchant weapon {unknown}
 j - a scroll of noise {unknown}
 k - 2 scrolls of magic mapping {unknown}
 l - 2 scrolls of random uselessness {unknown}
 n - 4 scrolls of identify {unknown}
 q - a scroll of teleportation {unknown}
 s - a scroll of fear {unknown}
Potions
 o - a potion of agility
Comestibles
 f - 6 rations
 u - a chunk of flesh


   Skills:
 + Level 3.2 Fighting
 * Level 4.2 Short Blades
 - Level 1.7 Throwing
 * Level 2.7 Armour
 * Level 4.1 Dodging


You had 5 spell levels left.
You didn't know any spells.
Your spell library was empty.

Dungeon Overview and Level Annotations

Branches:
Dungeon (3/15)

Altars:


Innate Abilities, Weirdness & Mutations

Your body is rotting away.
You thrive on raw meat.
You are immune to poison.
You have sharp fingernails.
You are carnivorous and can eat meat at any time.
Your flesh is cold resistant. (rC+)
You are immune to negative energy. (rN+++)
You do not regenerate when monsters are visible.
You are immune to unholy pain and torment.
You can survive without breathing.


Message History

You feel dopey.
Your body decomposes!
You feel weakened.
Your body decomposes!
You feel clumsy.
Your body decomposes!
You feel clumsy. Something hits you but does no damage.
It was a potion of brilliance.
You feel clever all of a sudden. Something hits you but does no damage.
Unknown command.
It was a potion of might.
You feel very mighty all of a sudden. Something barely misses you.
Okay, then.
You puncture something! Something hits you.
* * * LOW HITPOINT WARNING * * *
Something shocks you.
You die...

####### ....... #####
##########......# #...#
#......^........#
#...####...............#
##......#................
........#................
........##.....##{####
........##......@....##
.......................#
...............#.........
..............÷........##
.....................###
........######.....###
......................
.......#......#+#.....
......................


There were no monsters in sight!

Vanquished Creatures
  An orc wizard (D:3)
  Terence (D:3)
  3 gnolls (D:2)
  11 adders
  An ooze (D:3)
  2 worms (D:2)
  17 dart slugs
  2 leopard geckos
  2 orcs (D:3)
  A ball python (D:1)
  14 bats
  4 giant cockroaches
  7 goblins
  5 hobgoblins
  11 jackals
  7 kobolds
  A quokka (D:2)
  3 frilled lizards
  12 rats
105 creatures vanquished.

Notes
Turn   | Place    | Note
-------+----------+-------------------------------------------
     0 | D:1      | Borgoz the Ghoul Gladiator began the quest for the Orb.
     0 | D:1      | Reached XP level 1. HP: 17/17 MP: 0/0
   194 | D:1      | Reached XP level 2. HP: 24/25 MP: 1/1
   283 | D:1      | Reached skill level 1 in Armour
   435 | D:1      | Reached XP level 3. HP: 28/30 MP: 2/2
  1081 | D:2      | Reached XP level 4. HP: 30/37 MP: 3/3
  1294 | D:2      | Reached XP level 5. HP: 21/42 MP: 2/4
  2062 | D:3      | Reached XP level 6. HP: 41/51 MP: 5/5
  2467 | D:3      | Noticed Terence
  2504 | D:3      | Killed Terence
  2744 | D:3      | Noticed a sky beast
  2765 | D:3      | Slain by a sky beast

Skill      XL: |  1  2  3  4  5  6 |
---------------+-------------------+-----
Armour         | 1 2 |  2.7
Short Blades   | 3 4 |  4.2
Dodging        | 3 4 |  4.1
Fighting       | 3 |  3.2
Throwing       | |  1.7

Action                   |  1- 3 |  4- 6 || total
-------------------------+-------+-------++-------
Melee: Rapier            |   120 |   307 ||   427
Throw: Throwing net      |       |     5 ||     5
  Use: Potion            |       |     6 ||     6
 Stab: Held in net/web   |       |     2 ||     2
  Eat: Chunk             |     5 |     4 ||     9
Armor: Ring mail         |    87 |   119 ||   206
Dodge: Dodged            |   104 |   252 ||   356
